 Dungeon Crawl Stone Soup version 0.25-a0-1119-g28b6fd0 (webtiles) character file.

Game seed: 11142523806559789130, levelgen mode: deterministic

226877 Faca the Warrior (level 20, -1/168 HPs)
             Began as a Human Fighter on May 18, 2020.
             Was the Champion of Okawaru.
             Slain by a merfolk impaler
             ... wielding a +1 trident of venom
              (10 damage)
             ... on level 4 of the Shoals.
             The game lasted 01:14:54 (42250 turns).

Faca the Warrior (Human Fighter)                   Turns: 42250, Time: 01:14:55

Health: -1/168     AC: 33    Str: 23    XL:     20   Next: 14%
Magic:  23/27      EV: 11    Int:  8    God:    Okawaru [******]
Gold:   3522       SH: 31    Dex: 16    Spells: 19/19 levels left

rFire    + + .     SeeInvis +   P - +9 eveningstar (freeze)
rCold    + . .     Gourm    .   O - +10 kite shield of the Archfiend {Int-3 Slay+6 SInv}
rNeg     . . .     Faith    .   q - +2 plate armour {rF+}
rPois    +         Spirit   .   t - +0 helmet
rElec    .         Reflect  +   Q - +0 cloak {rPois}
rCorr    .         Harm     .   F - +0 pair of fencer's gloves {Riposte Dex+3}
MR       ++...                  a - +5 pair of boots of Distant Worlds {rF+ rC+}
Stlth    ..........             z - amulet of reflection
HPRegen  0.38/turn              k - ring of protection from magic
MPRegen  0.20/turn              y - +4 ring of slaying

@: about to teleport, heroism, finesse
A: no striking features
}: 1/15 runes: serpentine
a: Heroism, Finesse, Renounce Religion


You were on level 4 of the Shoals.
You worshipped Okawaru.
Okawaru was exalted by your worship.
You were not hungry.

You visited 6 branches of the dungeon, and saw 32 of its levels.
You also visited: Ice Cave.

You collected 3522 gold pieces.

Inventory:

Hand Weapons
 P - a +9 eveningstar of freezing (weapon)
Missiles
 b - 148 boomerangs (quivered)
 C - 8 throwing nets
 G - 65 silver javelins
 K - 69 javelins
Armour
 a - the +5 pair of boots of Distant Worlds (worn) {rF+ rC+}
   (Okawaru gifted it to you on level 4 of the Snake Pit)

   It protects you from fire.
   It protects you from cold.
 q - a +2 plate armour of fire resistance (worn)
 t - a +0 helmet (worn)
 x - the +0 pair of gloves "Jujufrur" {-Tele rElec Int+8 Dex+2}
   (Okawaru gifted it to you on level 11 of the Dungeon)

   It affects your intelligence (+8).
   It affects your dexterity (+2).
   It insulates you from electricity.
   It prevents most forms of teleportation.
 F - the +0 pair of fencer's gloves (worn) {Riposte Dex+3}
   (You found it on level 4 of the Shoals)

   It affects your dexterity (+3).
 O - the +10 kite shield of the Archfiend (worn) {Int-3 Slay+6 SInv}
   (Okawaru gifted it to you on level 3 of the Lair of Beasts)

   It affects your intelligence (-3).
   It affects your accuracy and damage with ranged weapons and melee attacks
   (+6).
   It lets you see invisible.
 Q - a +0 cloak of poison resistance (worn)
 U - a +2 pair of gloves of strength
Jewellery
 k - a ring of protection from magic (left hand)
 p - an uncursed ring of protection from cold
 y - a +4 ring of slaying (right hand)
 z - an amulet of reflection (around neck)
Wands
 d - a wand of digging (4)
Scrolls
 g - 2 scrolls of enchant weapon
 h - 4 scrolls of enchant armour
 o - a scroll of fear
 r - a scroll of brand weapon
 s - 3 scrolls of magic mapping
 v - 14 scrolls of teleportation
 A - 10 scrolls of remove curse
 E - a scroll of fog
 I - 2 scrolls of immolation
 J - 3 scrolls of blinking
 L - 6 scrolls of identify
 N - 2 scrolls of holy word
 R - a scroll of torment
 V - a scroll of summoning
Potions
 e - a potion of haste
 j - a potion of cancellation
 l - 5 potions of curing
 m - a potion of resistance
 n - 6 potions of flight
 u - 5 potions of might
 w - 3 potions of lignification
 B - 3 potions of invisibility
 D - 2 potions of ambrosia
 M - a potion of berserk rage
 T - 3 potions of mutation
Miscellaneous
 c - 2 phantom mirrors
Comestibles
 f - 41 rations


   Skills:
 + Level 17.4(22.4) Fighting
 + Level 17.3(22.3) Maces & Flails
 + Level 7.5(12.5) Throwing
 + Level 14.8(19.8) Armour
 + Level 14.8(19.8) Shields
 - Level 10.0 Invocations


You had 19 spell levels left.
You didn't know any spells.
Your spell library contained the following spells:

 Spells                   Type           Power        Failure   Level  Hunger
 Beastly Appendage        Tmut           #.....       95%         1    ##.....
 Shock                    Conj/Air       #...         95%         1    ##.....
 Sting                    Tmut/Pois      #...         95%         1    ##.....
 Poisonous Vapours        Pois/Air       #.....       99%         2    ###....
 Sticks to Snakes         Tmut           #.......     99%         2    ###....
 Swiftness                Chrm/Air       #.......     99%         2    ###....
 Ignite Poison            Fire/Tmut/Pois #.......     100%        3    ####...
 Mephitic Cloud           Conj/Pois/Air  #.......     100%        3    ####...
 Recall                   Summ/Tloc      N/A          100%        3    ####...
 Spider Form              Tmut/Pois      #.........   100%        3    ####...
 Static Discharge         Conj/Air       #.......     100%        3    ####...
 Airstrike                Air            #.........   100%        4    #####..
 Ice Form                 Ice/Tmut       #.......     100%        4    #####..
 Olgreb's Toxic Radiance  Pois           #.......     100%        4    #####..
 Summon Lightning Spire   Summ/Air       #.......     100%        4    #####..
 Aura of Abjuration       Summ           #.........   100%        5    ######.
 Blade Hands              Tmut           #.........   100%        5    ######.
 Lightning Bolt           Conj/Air       #.........   100%        5    ######.
 Silence                  Hex/Air        #.........   100%        5    ######.
 Summon Demon             Summ           #.........   100%        5    ######.
 Summon Forest            Summ/Tloc      #.........   100%        5    ######.
 Summon Mana Viper        Hex/Summ       #.......     100%        5    ######.
 Conjure Ball Lightning   Conj/Air       #.........   100%        6    #######
 Shadow Creatures         Summ           N/A          100%        6    #######
 Tornado                  Air            #.........   100%        9    #######


Dungeon Overview and Level Annotations

Branches:
Dungeon (15/15)            Temple (1/1) D:4            Lair (6/6) D:9
 Shoals (4/4) Lair:2        Snake (4/4) Lair:3        Slime (0/5) Lair:6
    Orc (2/2) D:11            Elf (0/3) Orc:2        Vaults (0/5) D:14
 Depths (0/5) D:15          IceCv (visited)

Altars:
Ashenzari
Cheibriados
Dithmenos
Elyvilon
Fedhas
Gozag
Hepliaklqana
Kikubaaqudgha
Makhleb
Nemelex Xobeh
Okawaru
Qazlal
Ru
Sif Muna
Trog
Uskayaw
Vehumet
Wu Jian
Xom
Yredelemnul
Zin
The Shining One
Beogh
Jiyva

Shops:
D:4 *   D:15 %*   Orc:2 %%:(   Snake:3 (

Portals:
Pandemonium: Orc:2

Annotations:
D:8 2 transporters
D:14 2 transporters, Dasia's ghost, journeyman GrFi
D:15 3 runed translucent doors, Bioh's ghost, journeyman MiBe
Lair:4 exclusion: 3 oklob plants
Lair:6 4 runed translucent doors, Sin92's ghost, journeyman MiFi
Snake:2 2 transporters, Qeshud's ghost, adept FoEE; Roxanne


Message History

The merfolk impaler closely misses you.
The merfolk javelineer throws a javelin.
The javelin pierces through you!
* * * LOW HITPOINT WARNING * * *
The merfolk javelineer throws a silver javelin.
The silver javelin pierces through you!
* * * LOW HITPOINT WARNING * * *
x2 The silver javelin misses the merfolk impaler.
The silver javelin pierces through the merfolk javelineer!!
You hear a splash.
You feel better. You block the merfolk impaler's attack.
You block the merfolk javelineer's attack.
The merfolk javelineer throws a javelin.
The javelin pierces through you but does no damage.
You block the merfolk's attack.
The merfolk javelineer throws a javelin.
The javelin pierces through you.
* * * LOW HITPOINT WARNING * * *
The merfolk impaler hits you with a +1 trident of venom!
You die...

#####≈≈≈≈≈≈≈≈≈≈≈≈≈≈
##≈≈≈##≈≈≈≈≈≈≈≈≈≈≈≈≈
#≈≈≈≈)#≈≈≈≈≈≈≈≈≈≈≈≈≈
#≈≈|≈)'÷≈≈≈≈≈≈≈≈≈≈≈≈
#..≈≈)#≈)≈≈≈≈≈≈≈≈≈≈≈
##.≈≈##))#####≈≈≈≈≈≈
.#####(§##m≈≈##≈≈≈≈≈
≈≈.m.(§§#§§§≈≈#≈≈≈≈≈≈≈≈
≈.....§§@mmφ≈≈#≈≈≈≈≈≈≈≈
≈....≈§§#§m≈(≈#≈≈≈≈≈≈≈≈
≈..(..§§##m§≈##≈≈≈≈≈≈≈≈
≈.((.....#####≈≈≈≈≈≈≈≈≈
≈............≈≈≈≈≈≈≈≈≈≈
.m.(...........)≈≈≈≈≈≈≈
'##.............≈≈≈≈≈≈≈
##....#..####.≈≈≈≈≈≈≈
≈≈≈.
#....#..###).≈P≈≈≈≈≈


You could see a merfolk impaler, 3 merfolk javelineers and a merfolk.

Vanquished Creatures
  Bai Suzhen (Shoals:3)
  Rupert (Lair:5)
  The ghost of Unebb the Protected, an adept DgFi (Shoals:3)
  A kraken (Shoals:3)
  Agnes (D:15)
  Kirke (Shoals:1)
  Frances (Shoals:1)
  Donald (Orc:2)
  Ilsuiw (Shoals:2)
  9 nagarajas (Snake:4)
  2 entropy weavers (Lair:6)
  A dire elephant (D:15)
  Snorg (Orc:2)
  7 merfolk impalers
  10 merfolk javelineers
  4 vault guards (D:14)
  Erolcha (D:13)
  Harold (D:7)
  10 hydras
  15 naga warriors
  3 centaur warriors
  Erica (D:10)
  An alligator snapping turtle (Shoals:4)
  A catoblepas (Lair:6)
  A merfolk avatar (Shoals:4)
  A satyr (Shoals:4)
  7 anacondas
  6 merfolk aquamancers
  A deep troll shaman (Lair:6)
  5 two-headed ogres
  A queen ant (Lair:6)
  7 orc high priests
  5 death yaks (Lair:6)
  12 shock serpents
  13 naga sharpshooters
  Urug (D:11)
  A sun demon (Orc:2)
  A sixfirhy (D:13)
  10 sea snakes
  An unseen horror (D:15)
  5 skeletal warriors (D:15)
  An infernal demonspawn (Orc:2)
  5 orc knights
  2 torturous demonspawn (Orc:2)
  A lindwurm (Lair:6)
  18 harpies
  A deep elf mage (D:15)
  2 mana vipers (Snake:3)
  3 naga ritualists
  6 orc sorcerers (Orc:2)
  10 fauns
  6 salamanders
  A wolf spider (D:15)
  10 manticores
  5 ugly things
  Joseph (D:7)
  6 cyclopes
  8 elephants
  A rust devil (Orc:2)
  35 black mambas
  4 water nymphs
  3 guardian serpents
  A centaur zombie (D:15)
  2 ice statues (IceCv)
  12 naga magi
  16 merfolk sirens
  13 spiny frogs
  3 gargoyles
  3 rime drakes (Lair:5)
  3 centaur skeletons
  7 komodo dragons
  An efreet (D:15)
  A freezing wraith (D:14)
  A red devil (Orc:2)
  3 ice devils
  3 meliai (D:14)
  A queen bee (D:13)
  2 polar bears
  13 trolls
  6 wind drakes
  39 merfolk
  Grinder (D:3)
  5 raiju (D:13)
  2 hornets
  13 slime creatures
  13 dream sheep
  20 blink frogs
  9 hippogriffs
  7 snapping turtles
  A centaur simulacrum (D:15)
  A shadow (D:12)
  2 wraiths
  A vampire (D:14)
  A human (Shoals:1)
  8 water elementals
  3 basilisks
  26 yaks
  6 wyverns
  6 hungry ghosts
  A vampire mosquito (D:14)
  3 wargs
  Menkaure (D:3)
  49 nagas
  27 soldier ants
  An acid dragon (D:15)
  11 porcupines
  15 water moccasins
  10 ice beasts
  31 orc warriors
  7 sky beasts
  An eye of draining (shapeshifter) (D:15)
  3 black bears
  An eye of draining (D:15)
  4 necrophages
  9 ogres
  16 wolves
  3 phantoms
  5 centaurs
  13 crocodiles
  2 big kobolds
  A wyvern zombie (D:8)
  12 bullfrogs
  3 scorpions
  14 killer bees (D:13)
  4 wights (D:12)
  7 electric eels
  2 howler monkeys
  5 crimson imps
  4 quasits
  2 bullfrog zombies
  18 orc wizards
  10 hounds
  Crazy Yiuf (D:3)
  A gnoll shaman (D:10)
  5 jellies
  23 orc priests
  3 bullfrog skeletons
  4 iguanas
  23 worker ants
  Natasha (thrice) (D:3)
  A mummy (D:3)
  2 worker ant zombies
  3 gnolls (D:10)
  14 adders
  2 shadow imps
  3 oozes
  An adder zombie (D:6)
  4 adder skeletons
  2 worms
  A dart slug (D:4)
  6 leopard geckos
  79 orcs
  2 ball pythons
  8 bats
  3 giant cockroaches
  9 goblins
  9 hobgoblins
  18 jackals
  25 kobolds
  3 quokkas
  4 frilled lizards
  A goblin skeleton (D:8)
  A goblin zombie (D:8)
  3 hobgoblin zombies (D:8)
  2 kobold zombies (D:8)
  A leopard gecko zombie (D:9)
  An orc skeleton (D:8)
  An orc zombie (D:8)
  A quokka skeleton (D:3)
  9 rats
  A fungus (Lair:6)
  A plant (Shoals:1)
  5 tentacles (Shoals:3)
1122 creatures vanquished.

Vanquished Creatures (others)
  A faun (Shoals:4)
  2 manticores (Shoals:3)
  A naga mage (Snake:4)
  3 humans (Shoals:1)
  A bush (Lair:6)
  10 fungi
  10 plants
  7 tentacles (Shoals:3)
35 creatures vanquished.

Grand Total: 1157 creatures vanquished

Notes
Turn   | Place    | Note
-------+----------+-------------------------------------------
     0 | D:1      | Faca the Human Fighter began the quest for the Orb.
     0 | D:1      | Reached XP level 1. HP: 18/18 MP: 1/1
    36 | D:1      | Reached XP level 2. HP: 24/24 MP: 2/2
   352 | D:1      | Reached XP level 3. HP: 16/29 MP: 3/3
  1248 | D:2      | Reached XP level 4. HP: 26/37 MP: 4/4
  1430 | D:2      | Found a burning altar of Makhleb.
  1995 | D:2      | Reached XP level 5. HP: 42/42 MP: 5/5
  2194 | D:2      | Found a bloodstained altar of Trog.
  2885 | D:3      | Found a roughly hewn altar of Beogh.
  2906 | D:3      | Reached XP level 6. HP: 37/50 MP: 6/6
  3096 | D:3      | Found a snail-covered altar of Cheibriados.
  3097 | D:3      | Reached skill level 5 in Fighting
  3139 | D:3      | Noticed Grinder
  3155 | D:3      | Paralysed by Grinder for 6 turns
  3167 | D:3      | Killed Grinder
  3167 | D:3      | Reached skill level 5 in Maces & Flails
  3167 | D:3      | Reached XP level 7. HP: 20/57 MP: 7/7
  3390 | D:3      | Found a transporter.
  3391 | D:3      | Found an ancient bone altar of Kikubaaqudgha.
  3399 | D:3      | Found a basalt altar of Yredelemnul.
  3402 | D:3      | Noticed Menkaure
  3417 | D:3      | Found a transporter.
  3521 | D:3      | Found a runed translucent door.
  3522 | D:3      | Noticed Crazy Yiuf
  3833 | D:3      | Noticed Natasha
  3858 | D:3      | Killed Natasha
  3859 | D:3      | Noticed Natasha
  3866 | D:3      | Killed Natasha
  3875 | D:3      | Noticed Natasha
  3882 | D:3      | Killed Natasha
  4520 | D:3      | Killed Crazy Yiuf
  4605 | D:4      | Found a staircase to the Ecumenical Temple.
  4613 | Temple   | Entered the Ecumenical Temple
  4693 | Temple   | Became a worshipper of Warmaster Okawaru
  4857 | D:4      | Reached XP level 8. HP: 62/65 MP: 8/8
  4960 | D:4      | Found an ornate altar of the Wu Jian Council.
  5108 | D:4      | Found Poeplerph's General Store.
  5447 | D:4      | Found a sacrificial altar of Ru.
  5559 | D:5      | Entered Level 5 of the Dungeon
  5662 | D:5      | Reached * piety under Okawaru
  6650 | D:6      | Found a stormy altar of Qazlal.
  6689 | D:6      | Reached XP level 9. HP: 74/74 MP: 9/9
  6847 | D:6      | Noticed a +0 dagger
  6847 | D:6      | Noticed a +0 dagger
  6848 | D:6      | Found a hide-covered altar of Uskayaw.
  7070 | D:6      | Reached ** piety under Okawaru
  7360 | D:7      | Noticed a hornet
  7378 | D:7      | Killed a hornet
  8131 | D:7      | Noticed Joseph
  8149 | D:7      | Killed Joseph
  8461 | D:7      | Noticed Harold
  8482 | D:7      | Killed Harold
  8482 | D:7      | Reached *** piety under Okawaru
  8482 | D:7      | Reached skill level 10 in Fighting
  8482 | D:7      | Reached XP level 10. HP: 39/85 MP: 8/10
  9061 | D:8      | Reached skill level 10 in Maces & Flails
  9213 | D:8      | Found a glowing golden altar of the Shining One.
  9292 | D:8      | Found a transporter.
  9892 | D:8      | Found a transporter.
  9988 | D:8      | Found an opulent altar of Gozag.
 10749 | D:9      | Found a blossoming altar of Fedhas.
 10962 | D:9      | Noticed a two-headed ogre
 10974 | D:9      | Killed a two-headed ogre
 10974 | D:9      | Reached **** piety under Okawaru
 10974 | D:9      | Reached XP level 11. HP: 37/93 MP: 8/11
 11327 | D:9      | Noticed a two-headed ogre
 11335 | D:9      | Killed a two-headed ogre
 11691 | D:9      | Found a staircase to the Lair.
 11832 | D:10     | Entered Level 10 of the Dungeon
 11890 | D:10     | Noticed Erica
 12226 | D:10     | Noticed a two-headed ogre
 12234 | D:10     | Killed a two-headed ogre
 12234 | D:10     | Reached ***** piety under Okawaru
 12351 | D:10     | Killed Erica
 12351 | D:10     | Reached skill level 5 in Armour
 12351 | D:10     | Reached skill level 5 in Shields
 13603 | D:11     | Noticed a centaur warrior
 13624 | D:11     | Killed a centaur warrior
 13624 | D:11     | Received a gift from Okawaru
 13937 | D:11     | Got a pair of spiked gloves {god gift}
 13943 | D:11     | Identified the +0 pair of gloves "Jujufrur" {-Tele rElec
                  | Int+8 Dex+2} (Okawaru gifted it to you on level 11 of the
                  | Dungeon)
 13960 | D:11     | Found a staircase to the Orcish Mines.
 14075 | D:11     | Noticed Urug
 14079 | D:11     | Noticed a green ugly thing
 14092 | D:11     | Killed Urug
 14102 | D:11     | Killed a green ugly thing
 14102 | D:11     | Reached XP level 12. HP: 53/101 MP: 9/12
 14537 | D:12     | Noticed a two-headed ogre
 14568 | D:12     | Killed a two-headed ogre
 15408 | D:12     | Noticed a two-headed ogre
 15425 | D:12     | Killed a two-headed ogre
 16038 | Lair:1   | Entered Level 1 of the Lair of Beasts
 16059 | Lair:1   | Noticed a six-headed hydra
 16427 | D:9      | Killed a six-headed hydra
 16439 | D:9      | Reached XP level 13. HP: 54/108 MP: 13/13
 16693 | Lair:1   | Noticed a six-headed hydra
 16710 | Lair:1   | Killed a six-headed hydra
 16710 | Lair:1   | Received a gift from Okawaru
 18601 | Lair:2   | Found a staircase to the Shoals.
 18949 | Lair:3   | Found a staircase to the Snake Pit.
 18992 | Lair:3   | Noticed an eight-headed hydra
 19005 | Lair:3   | Killed an eight-headed hydra
 19671 | Lair:3   | Received a gift from Okawaru
 19672 | Lair:3   | Got an ichor-stained kite shield {god gift}
 19683 | Lair:3   | Identified the +10 kite shield of the Archfiend {Int-3
                  | Slay+6 SInv} (Okawaru gifted it to you on level 3 of the
                  | Lair of Beasts)
 20180 | Lair:4   | Noticed a six-headed hydra
 20190 | Lair:4   | Killed a six-headed hydra
 20582 | Lair:4   | Reached XP level 14. HP: 106/117 MP: 14/14
 20962 | Lair:5   | Noticed Rupert
 20965 | Lair:5   | Paralysed by Rupert for 4 turns
 20987 | Lair:5   | Killed Rupert
 20987 | Lair:5   | Reached skill level 1 in Invocations
 21956 | Lair:5   | Reached skill level 10 in Shields
 21966 | Lair:5   | Reached skill level 10 in Armour
 22491 | Lair:6   | Entered Level 6 of the Lair of Beasts
 22571 | Lair:6   | Received a gift from Okawaru
 22609 | Lair:6   | Found a frozen archway.
 22631 | IceCv    | Entered an ice cave
 22634 | IceCv    | Found a transporter.
 22674 | IceCv    | Found a transporter.
 22973 | Lair:6   | Found an opulent altar of Gozag.
 22982 | Lair:6   | Found a runed translucent door.
 22983 | Lair:6   | Noticed an acid blob
 22984 | Lair:6   | Found a viscous altar of Jiyva.
 22992 | Lair:6   | Noticed an entropy weaver
 23010 | Lair:6   | Killed an entropy weaver
 23011 | Lair:6   | Noticed an entropy weaver
 23270 | Lair:6   | Reached skill level 5 in Invocations
 23298 | Lair:6   | Killed an entropy weaver
 23298 | Lair:6   | Reached XP level 15. HP: 98/126 MP: 18/18
 23425 | Lair:6   | Received a gift from Okawaru
 23433 | Lair:6   | Reached ****** piety under Okawaru
 24284 | Lair:6   | Found a staircase to the Slime Pits.
 24520 | Lair:6   | Found a runed translucent gate.
 24520 | Lair:6   | Found a runed translucent gate.
 24520 | Lair:6   | Found a runed translucent gate.
 24524 | Lair:6   | Noticed Sin92's ghost (journeyman MiFi)
 24888 | Orc:1    | Entered Level 1 of the Orcish Mines
 24983 | Orc:1    | Found an iron altar of Okawaru.
 25141 | Orc:1    | Received a gift from Okawaru
 25532 | Orc:2    | Entered Level 2 of the Orcish Mines
 25537 | Orc:2    | Noticed Snorg
 25540 | Orc:2    | Found a staircase to the Elven Halls.
 25548 | Orc:2    | Killed Snorg
 25581 | Orc:2    | Identified the +5 kite shield of the Solstice {Int+6}
 25581 | Orc:2    | Noticed Donald
 25598 | Orc:2    | Killed Donald
 26078 | Orc:2    | Found Lacicvy's Food Emporium.
 26084 | Orc:2    | Found Wixtyloo's Food Shoppe.
 27025 | Orc:2    | Received a gift from Okawaru
 27125 | Orc:2    | Reached XP level 16. HP: 123/134 MP: 21/21
 27213 | Orc:2    | Found Foafa's Antique Weapon Boutique.
 27213 | Orc:2    | Found Gettiudi's Book Shop.
 27214 | Orc:2    | Found a one-way gate leading to the halls of Pandemonium.
 27217 | Orc:2    | Reached skill level 15 in Fighting
 27573 | D:13     | You fall into a shaft and drop 2 floors!
 27573 | D:15     | Entered Level 15 of the Dungeon
 27620 | D:15     | Noticed Agnes
 27632 | D:15     | Killed Agnes
 27734 | D:15     | Reached skill level 15 in Maces & Flails
 28035 | D:14     | Found a gate to the Vaults.
 28116 | D:14     | Noticed Dasia's ghost (journeyman GrFi)
 28118 | D:14     | Identified the +3 great sword "Pilool" {antimagic, rElec}
 28119 | D:14     | Identified the +10 triple sword "Baferch" {antimagic, rElec
                  | Str+5 Int-2}
 28120 | D:14     | Found a bloodstained altar of Trog.
 28125 | D:14     | Found a transporter.
 28135 | D:14     | Found a transporter.
 28922 | D:13     | Found the +8 arc blade {discharge, rElec}
 29139 | D:13     | Noticed Erolcha
 29152 | D:13     | Killed Erolcha
 29183 | D:13     | Received a gift from Okawaru
 30339 | D:15     | Found Huamas's Food Emporium.
 30343 | D:15     | Found a runed translucent gate.
 30343 | D:15     | Found a runed translucent gate.
 30344 | D:15     | Found an opulent altar of Gozag.
 30344 | D:15     | Found a runed translucent gate.
 30356 | D:15     | Noticed a sphinx
 30358 | D:15     | Noticed Bioh's ghost (journeyman MiBe)
 30359 | D:15     | Found Yngurydd's Assorted Antiques.
 30468 | D:15     | Found a staircase to the Depths.
 30477 | D:15     | Reached XP level 17. HP: 122/142 MP: 23/23
 31228 | D:3      | Killed Menkaure
 31646 | Snake:1  | Entered Level 1 of the Snake Pit
 32788 | Snake:2  | Received a gift from Okawaru
 33052 | Snake:2  | Identified Roxanne's Catalogue of Transmigration
 33052 | Snake:2  | Noticed Roxanne
 33062 | Snake:2  | Reached skill level 10 in Invocations
 33112 | Snake:2  | Noticed Qeshud's ghost (adept FoEE)
 33153 | Snake:2  | Found a transporter.
 33170 | Snake:2  | Found a transporter.
 33325 | Snake:3  | Found Yfuogoep's Antique Weapon Emporium.
 34180 | Snake:3  | Reached skill level 1 in Throwing
 34180 | Snake:3  | Reached XP level 18. HP: 122/151 MP: 25/25
 34362 | Snake:4  | Entered Level 4 of the Snake Pit
 34665 | Snake:4  | Received a gift from Okawaru
 34668 | Snake:4  | Got a pair of scorched boots {god gift}
 34678 | Snake:4  | Identified the +5 pair of boots of Distant Worlds {rF+ rC+}
                  | (Okawaru gifted it to you on level 4 of the Snake Pit)
 36024 | Snake:4  | Got a serpentine rune of Zot
 36270 | Shoals:1 | Entered Level 1 of the Shoals
 36332 | Shoals:1 | Noticed Frances
 36349 | Shoals:1 | Killed Frances
 36480 | Shoals:1 | Received a gift from Okawaru
 36616 | Shoals:1 | Noticed Kirke
 36638 | Shoals:1 | Killed Kirke
 37590 | Shoals:2 | Reached skill level 5 in Throwing
 37599 | Shoals:2 | Reached XP level 19. HP: 109/159 MP: 26/26
 38341 | Shoals:2 | Received a gift from Okawaru
 38345 | Shoals:2 | Got a transparent crystal plate armour {god gift}
 38346 | Shoals:2 | Identified the +0 crystal plate armour of the Shore {rElec
                  | Int+4} (Okawaru gifted it to you on level 2 of the Shoals)
 38461 | Shoals:2 | Noticed Ilsuiw
 38496 | Shoals:2 | Killed Ilsuiw
 39638 | Shoals:3 | Found a runed translucent door.
 39638 | Shoals:3 | Noticed Unebb's ghost (adept DgFi)
 39639 | Shoals:3 | Found the +2 robe of Vines {NoPotionHeal Regen+7}
 39653 | Shoals:3 | Killed Unebb's ghost
 40342 | Shoals:4 | Entered Level 4 of the Shoals
 40352 | Shoals:4 | Noticed Bai Suzhen
 40782 | Shoals:3 | Killed Bai Suzhen
 41099 | Shoals:4 | Received a gift from Okawaru
 41571 | Shoals:4 | Found the +0 pair of fencer's gloves {Riposte Dex+3}
 41668 | Shoals:4 | Reached XP level 20. HP: 131/168 MP: 27/27
 42249 | Shoals:4 | HP: 8/168 [merfolk javelineer/silver javelin (10)]
 42250 | Shoals:4 | Slain by a merfolk impaler

Illustrated notes

Levels and vault maps discovered:
D:1:      psy_arrival_whirlpool, layout_basic, st_stairs_14, chequers_arboretum
D:2:      layout_loops_corners, overflow_temple_1_default,
          nicolae_overflow_crystal_walls, kennysheep_generic_room_3
D:3:      layout_rooms, gammafunk_temple_of_torment, lemuel_crystal_altar,
          first_ration, wad_floor_pattern_1, kennysheep_orc_chapel,
          uniq_natasha, uniq_grinder, uniq_crazy_yiuf_cottage
D:4:      layout_basic, lemuel_coloured_pillars_altar, lemuel_round_altar,
          minmay_temple_entry_gardened_gates, serial_shops, shop_statue
D:5:      layout_basic, nrook_mini_vaults, minmay_between
D:6:      layout_basic, dancing_weapons_uskayaw, grunt_qazlal_clouds,
          hangedman_abyss_or_decor_stabs, minivault_25
D:7:      layout_gridville, uniq_harold, uniq_joseph
D:8:      gammafunk_cloud_chamber, layout_loops_corners,
          nicolae_gozag_cash_rules_everything_around_me,
          nicolae_tso_besieged_by_evil
D:9:      layout_basic, fedhas_ov_isle_minmay, erik_lair_island
D:10:     layout_cave_pods, uniq_erica
D:11:     layout_cave_pools, david_orc_2, uniq_urug
D:12:     layout_gridville
D:13:     minmay_shoctagon, layout_irregular_city, david_nohive_1,
          hangedman_abyss_or_decor_passed, uniq_erolcha
D:14:     layout_loops_cross, lightli_vaults_fourway_checkpoint,
          gammafunk_ghost_wrathful_warriors, minmay_misc_feat_plants
D:15:     hangedman_depths_entry_try_elsewhere_first, layout_loops_cross,
          ebering_ghost_gozag, chequers_big_river, serial_shops, shop,
          uniq_agnes
Temple:   eino_temple_lava
Lair:1:   layout_chaotic_city, infiniplex_staircase_pool
Lair:2:   layout_misc_corridors, elwin_shoals_entry_rocks, serial_bayou_pond_c,
          grunt_megastairs_4
Lair:3:   layout_roguey, dummy_snake_entry, eino_small_chamber_without_monster,
          lemuel_fruit_fields, lemuel_fruit_tree
Lair:4:   layout_roguey, grunt_megastairs_2, minmay_lair_oklob_chamber
Lair:5:   layout_small_grid, serial_bayou_pond_b, serial_bayou_ford_a,
          uniq_rupert
Lair:6:   grunt_lair_end_beastmaster, layout_big_grid, slime_altar_2,
          portal_ice_cave_demonic_guard, basic_altar, ebering_ghost_rock_garden,
          minivault_29
Shoals:1: layout_shoals, uniq_frances, uniq_kirke
Shoals:2: layout_shoals, st_sunken_temple, uniq_ilsuiw
Shoals:3: layout_shoals, gammafunk_ghost_grave, nicolae_shoals_cliffside_cave
Shoals:4: shoals_end_simple, layout_shoals, nicolae_shoals_hunting_party,
          uniq_bai_suzhen, uniq_polyphemus
Snake:1:  layout_rooms
Snake:2:  layout_misc_corridors, gammafunk_ghost_berserking_beasts, uniq_roxanne
Snake:3:  layout_misc_corridors, serial_shops, nicolae_shop_overgrown_old_shop
Snake:4:  minmay_snake_end_coiled, layout_onion, grunt_ministairs_6
Orc:1:    layout_diamond_mine, serial_shops, okawaru_metal_pillars_3
Orc:2:    pf_orc_diabolical, layout_caves, uniq_snorg, uniq_donald

Skill      XL: |  1  2  3  4  5  6  7  8  9 10 11 12 13 14 15 16 17 18 19 |
---------------+----------------------------------------------------------+-----
Maces & Flails | 3 4 5 6 7 9 11 12 13 14 15 16 17 | 17.3
Fighting       | 4 5 6 7 10 11 12 13 14 15 16 17 | 17.4
Armour         | 6 7 9 10 11 12 13 14 | 14.8
Shields        | 6 7 9 10 11 12 13 14 | 14.8
Invocations    | 5 7 9 10 | 10.0
Throwing       | 1 5 7 |  7.5

Action                   |  1- 3 |  4- 6 |  7- 9 | 10-12 | 13-15 | 16-18 | 19-21 || total
-------------------------+-------+-------+-------+-------+-------+-------+-------++-------
Melee: Flail             |   108 |   171 |   386 |   703 |   747 |       |       ||  2115
       Eveningstar       |       |       |       |       |   499 |  1093 |   443 ||  2035
       Unarmed           |       |       |       |       |       |     1 |       ||     1
Throw: Boomerang         |       |       |       |     3 |     1 |     1 |    51 ||    56
Invok: Heroism           |       |       |     1 |    19 |    12 |     3 |     5 ||    40
       Finesse           |       |       |       |       |     2 |     1 |     3 ||     6
Evoke: Wand              |       |       |       |    13 |       |     3 |       ||    16
  Use: Scroll            |     2 |     5 |     7 |    14 |     6 |    12 |     5 ||    51
       Potion            |       |     2 |     1 |     3 |     3 |     8 |     6 ||    23
 Stab: Distracted        |       |       |       |       |     1 |       |       ||     1
       Petrified         |       |       |       |       |     4 |       |       ||     4
  Eat: Chunk             |     1 |     6 |    16 |    28 |    33 |    20 |    16 ||   120
       Ration            |       |       |       |     1 |     1 |     4 |       ||     6
Armor: Scale mail        |    54 |    12 |       |       |       |       |       ||    66
       Chain mail        |       |    81 |   175 |   305 |   258 |       |       ||   819
       Plate armour      |       |       |       |       |    43 |   298 |   180 ||   521
Dodge: Dodged            |    45 |    32 |    51 |   102 |   146 |   130 |    79 ||   585
Block: Kite shield       |    73 |    89 |   215 |   544 |  1253 |  1297 |   657 ||  4128
       Reflection        |       |       |     2 |    15 |     6 |   161 |    89 ||   273

Table legend:
 A = Non-vault XP
 B = Vault XP
 C = Vault XP percentage of total XP
 D = Non-vault monster count
 E = Vault monster count
 F = Vault count percentage of total count
                 A         B        C        D         E       F
            +---------+---------+-------+---------+---------+-------
      Total |  219808 |  127385 |  36.7 |     814 |     304 |  27.2
            +---------+---------+-------+---------+---------+-------
        D:1 |      49 |       1 |   2.0 |      24 |       1 |   4.0
        D:2 |     100 |      14 |  12.3 |      31 |       2 |   6.1
        D:3 |     235 |     697 |  74.8 |      43 |      13 |  23.2
        D:4 |     420 |       0 |   0.0 |      17 |       0 |   0.0
        D:5 |     604 |       0 |   0.0 |      13 |       0 |   0.0
        D:6 |     291 |       0 |   0.0 |      10 |       0 |   0.0
        D:7 |     962 |    1505 |  61.0 |      20 |       2 |   9.1
        D:8 |     935 |      54 |   5.5 |      22 |      10 |  31.2
        D:9 |    4813 |     662 |  12.1 |      22 |       7 |  24.1
       D:10 |    2724 |     953 |  25.9 |      18 |       4 |  18.2
       D:11 |    2337 |     969 |  29.3 |      12 |       4 |  25.0
       D:12 |    8972 |       0 |   0.0 |      42 |       0 |   0.0
       D:13 |    8182 |    5106 |  38.4 |      33 |      23 |  41.1
       D:14 |    3890 |    5501 |  58.6 |      24 |      12 |  33.3
       D:15 |   12249 |    5265 |  30.1 |      40 |       5 |  11.1
     Lair:1 |    4061 |       0 |   0.0 |      18 |       0 |   0.0
     Lair:2 |    4287 |     493 |  10.3 |      18 |       2 |  10.0
     Lair:3 |    5272 |       0 |   0.0 |      18 |       0 |   0.0
     Lair:4 |    3756 |     827 |  18.0 |      18 |       4 |  18.2
     Lair:5 |   10947 |    3389 |  23.6 |      38 |       2 |   5.0
     Lair:6 |    8806 |   17980 |  67.1 |      29 |      64 |  68.8
   Shoals:1 |   10776 |    3709 |  25.6 |      22 |       2 |   8.3
   Shoals:2 |   17447 |    6897 |  28.3 |      39 |       7 |  15.2
   Shoals:3 |   22229 |    7400 |  25.0 |      42 |       2 |   4.5
   Shoals:4 |   19917 |   12246 |  38.1 |      36 |      22 |  37.9
    Snake:1 |   14438 |       0 |   0.0 |      29 |       0 |   0.0
    Snake:2 |   13476 |       0 |   0.0 |      25 |       0 |   0.0
    Snake:3 |   23387 |       0 |   0.0 |      45 |       0 |   0.0
    Snake:4 |    8827 |   31320 |  78.0 |      17 |      43 |  71.7
      Orc:1 |    4854 |       0 |   0.0 |      40 |       0 |   0.0
      Orc:2 |     565 |   19594 |  97.2 |       9 |      63 |  87.5
      IceCv |       0 |    2803 | 100.0 |       0 |      10 | 100.0
            +---------+---------+-------+---------+---------+-------
